 Dungeon Sprint DCSS version 0.25-a0-474-ga8a2ee3166 (webtiles) character file.

Game seed: 17422955162359275820, levelgen mode: deterministic

46 ICC the Cutter (level 3, -5/20 HPs)
             Began as a Vine Stalker Gladiator on Feb 7, 2020.
             Slain by a tyrant leech (7 damage)
             ... in the Dungeon (Sprint II: "The Violet Keep of Menkaure").
             The game lasted 00:01:16 (20 turns).

ICC the Cutter (Vine Stalker Gladiator)               Turns: 20, Time: 00:01:16

Health: -5/20      AC:  4    Str: 16      XL:     3   Next: 68%
Magic:  0/8        EV: 14    Int:  6 (8)  God:
Gold:   0          SH:  0    Dex: 16      Spells: 8/8 levels left

rFire    . . .     SeeInvis .   a - +0 rapier
rCold    . . .     Gourm    .   (no shield)
rNeg     . . .     Faith    .   b - +0 leather armour
rPois    .         Spirit   +   c - +0 helmet
rElec    .         Reflect  .   (no cloak)
rCorr    .         Harm     .   (no gloves)
MR       .....     NoTele   +   (no boots)
Stlth    +.........             (no amulet)
HPRegen  0.06/turn              (no ring)
MPRegen  0.11/turn              (no ring)

@: lethally poisoned (-5 -> -12), berserk cooldown, slowed, very slow
A: fangs 2, magic shield, antimagic bite, no potion heal 3, rot immunity
a: no special abilities


You were in the Dungeon.
You were not hungry.

You visited 1 branch

Inventory:

Hand Weapons
 a - a +0 rapier (weapon)
Missiles
 d - a throwing net (quivered)
Armour
 b - a +0 leather armour (worn)
 c - a +0 helmet (worn)
Scrolls
 k - a scroll of blinking
Potions
 g - a potion of heal wounds
 h - a potion of haste
 i - 2 potions of magic
Comestibles
 f - a ration


   Skills:
 + Level 3.5 Fighting
 + Level 4.1 Short Blades
 - Level 1.7 Throwing
 + Level 3.7 Dodging
 + Level 3.1 Spellcasting


You had 8 spell levels left.
You didn't know any spells.
Your spell library was empty.

Dungeon Overview and Level Annotations

Branches:
Dungeon (1/1)

Altars:


Innate Abilities, Weirdness & Mutations

You have extremely sharp teeth.
When hurt, damage is shared between your health and your magic reserves.
Your bite disrupts and absorbs the magic of your enemies.
Potions cannot restore your health.
You are immune to rotting.


Message History

The floor.
A worker ant comes into view.
The door flies open with a bang!
You feel your anger nearly subside. 4 necrophages come into view.
You are no longer berserk.
You are exhausted.
You feel yourself slow down.
Found 243 gold pieces.
You open the door.
A neqoxec comes into view.
The neqoxec shouts!
You hear a shout! x2
The worker ant bites you.
You are lethally poisoned!
The worker ant poisons you! The neqoxec gestures at you.
You feel dopey. Something feeds on your intellect!
The worker ant barely misses you. The tyrant leech bites you!
You die...

## ## ##.
.## ..#.n #
.n. ##. #n#
#..$##n###
#'ww@'#
#...##a##.#
##. #a# 3#
# #$# # .#.
. . ## ##


You could see 2 tyrant leeches, a neqoxec, 3 necrophages and 2 worker ants.

Vanquished Creatures
  2 worker ants (D)
2 creatures vanquished.

Notes
Turn   | Place    | Note
-------+----------+-------------------------------------------
     0 | D        | ICC the Vine Stalker Gladiator began the quest for the Orb.
     0 | D        | Reached XP level 1. HP: 11/11 MP: 2/2
     1 | D        | Noticed a worker ant
     1 | D        | Noticed a worker ant
    12 | D        | Killed a worker ant
    12 | D        | Reached skill level 3 in Short Blades
    12 | D        | Reached XP level 2. HP: 2/16 MP: 0/6
    14 | D        | Reached skill level 4 in Short Blades
    14 | D        | Reached XP level 3. HP: 3/20 MP: 6/8
    16 | D        | Noticed a tyrant leech
    16 | D        | Noticed a tyrant leech
    18 | D        | Noticed a necrophage
    18 | D        | Noticed a necrophage
    18 | D        | Noticed a necrophage
    18 | D        | Noticed a necrophage
    20 | D        | Noticed a neqoxec
    20 | D        | Slain by a tyrant leech

Levels and vault maps discovered:
D:        the_violet_keep_of_menkaure [sprint2_stairs_cluster_1,
          sprint2_shoproom, sprint2_temple, sprint2_basic_supplies,
          sprint2_obstacle_1, sprint2_obstacle_5, sprint2_obstacle_7,
          sprint2_obstacle_2, sprint2_obstacle_4, sprint2_timed_cluster_1,
          sprint2_smallroom_cluster_1, sprint2_smallroom_final_cluster_1,
          sprint2_transparent_cluster_1, sprint2_second_timed_cluster_1,
          sprint2_sniper_area_1, sprint2_heavy_combat_area_1,
          sprint2_mutation_trap_area_1, sprint2_forest_area_1,
          sprint2_light_combat_area_1, sprint2_behind_water_1,
          sprint2_near_end_vault_1]

Skill      XL: |  1  2 |
---------------+-------+-----
Fighting       | 3 |  3.5
Short Blades   | 3 4 |  4.1
Dodging        | 3 |  3.7
Spellcasting   | 2 3 |  3.1
Throwing       | |  1.7

Action                   || total
-------------------------++-------
Melee: Rapier            ||     8
       Bite              ||     4
Throw: Throwing net      ||     2
  Use: Potion            ||     2
Armor: Leather armour    ||     1
Dodge: Dodged            ||     5

Table legend:
 A = Non-vault XP
 B = Vault XP
 C = Vault XP percentage of total XP
 D = Non-vault monster count
 E = Vault monster count
 F = Vault count percentage of total count
                 A         B        C        D         E       F
            +---------+---------+-------+---------+---------+-------
      Total |       0 |      67 | 100.0 |       0 |       2 | 100.0
            +---------+---------+-------+---------+---------+-------
          D |       0 |      67 | 100.0 |       0 |       2 | 100.0
            +---------+---------+-------+---------+---------+-------
